 Dungeon Crawl Stone Soup version 0.29-a0-321-gf1c400731a (webtiles) character file.

Game seed: 13538642611216021421

440 esteth the Chopper (level 6, 0/46 HPs)
             Began as a Demonspawn Gladiator on Apr 4, 2022.
             Was a Priest of Lugonu.
             Slain by a kobold brigand
             ... wielding a +0 short sword
              (5 damage)
             ... in a sewer.
             The game lasted 00:05:19 (4080 turns).

esteth the Chopper (Demonspawn Gladiator)           Turns: 4080, Time: 00:05:20

Health: 0/46       AC:  7    Str: 14    XL:     6   Next: 70%
Magic:  18/18      EV: 12    Int: 15    God:    Lugonu [***...]
Gold:   160        SH:  0    Dex: 15    Spells: 5/5 levels left

rFire   . . .      SeeInvis .   a - +0 war axe
rCold   . . .      Faith    .   (no shield)
rNeg    . . .      Spirit   .   h - +0 steam dragon scales
rPois   .          Reflect  .   c - +0 helmet
rElec   .          Harm     .   (no cloak)
rCorr   .          Rampage  .   (no gloves)
Will    .....                   k - +0 pair of boots
Stlth   +.........              (no amulet)
HPRegen 0.15/turn               W - ring of magical power
MPRegen 0.16/turn               (no ring)

@: very slow
A: ignite blood 1, big brain 2
a: Renounce Religion, Depart the Abyss, Bend Space, Banish


You were in a sewer.
You worshipped Lugonu.
Lugonu was most pleased with you.
You visited 1 branch of the dungeon, and saw 4 of its levels.
You also visited: Sewer.

You collected 160 gold pieces.


Innate Abilities, Weirdness & Mutations

Your demonic aura sometimes causes spilled blood to erupt in flames.
You have an extremely huge brain. (Int +4)


   Skills:
 - Level 2.8 Fighting
 * Level 5.9 Axes
 - Level 1.7 Throwing
 - Level 2.6 Dodging
 + Level 4.1 Invocations


You had 5 spell levels left.
You didn't know any spells.
Your spell library contained the following spells:

 Spells                   Type           Power      Damage    Failure   Level
 Call Canine Familiar     Summ           0%         N/A       63%         3
 Portal Projectile        Hex/Tloc       0%         N/A       63%         3
 Leda's Liquefaction      Hex/Erth       0%         N/A       95%         4

Inventory:

Hand Weapons
 a - a +0 war axe (weapon)
Missiles
 d - 3 throwing nets (quivered) {=f!f}
 e - a javelin
 f - 34 stones
Armour
 b - a +0 leather armour
 c - a +0 helmet (worn)
 h - +0 steam dragon scales (worn)
   (You found it on level 4 of the Dungeon)
 k - a +0 pair of boots (worn)
   (You found it on level 1 of the Dungeon)
 l - a +0 ring mail
   (You found it on level 1 of the Dungeon)
 m - a +0 ring mail
   (You found it on level 1 of the Dungeon)
 n - a +0 plate armour
   (You found it on level 2 of the Dungeon)
 r - a +0 leather armour
   (You took it off an orc on level 3 of the Dungeon)
 t - a +0 robe
   (You took it off a goblin on level 4 of the Dungeon)
 v - a +0 robe
   (You took it off an orc wizard on level 4 of the Dungeon)
Magical Staves
 g - a staff of earth {!a}
   (You found it on level 1 of the Dungeon)
Jewellery
 F - a ring of fire
   (You found it on level 3 of the Dungeon)
 W - a ring of magical power (left hand)
   (You found it on level 1 of the Dungeon)
Wands
 u - a wand of mindburst (4)
   (You took it off a goblin on level 4 of the Dungeon)
Scrolls
 j - 5 scrolls of identify {unknown}
 q - a scroll of enchant weapon {unknown}
 s - a scroll of noise {unknown}
 w - a scroll of teleportation {unknown}
Potions
 i - a potion of flight {unknown}
 o - a potion of ambrosia
 p - a potion of brilliance

Dungeon Overview and Level Annotations

Branches:
Dungeon (4/15)              Sewer (1/1)
 Temple: D:4-7

Altars:
Fedhas
Nemelex Xobeh
Lugonu

#...≈...# #≈≈≈≈≈≈.#
#≈≈≈≈≈≈.# #≈K≈≈≈≈≈#
#≈K≈≈≈≈≈# #K≈≈≈≈≈.#
#≈≈≈≈≈..#
###################K.≈≈h.≈#
≈≈≈≈≈≈≈≈≈≈≈≈≈≈≈≈@KKK≈≈≈h.≈#
###################≈≈≈≈≈..#
##≈≈≈≈≈## #.≈≈≈.# #≈≈≈≈.#
#.≈≈≈..∩ #.≈≈≈.### #.≈≈≈.#


You could see a kobold brigand, 2 jackals and 3 kobolds.


Message History

You slash the kobold brigand!
The jackal pauses to sniff the water.
The kobold brigand closely misses you.
You hit the kobold brigand.
The kobold brigand hits you with a +0 whip!
The kobold brigand splashes around in the water. 😕 HP[-7]
You take 7 damage, and now have 38/46 hp.
You closely miss the kobold brigand.
The kobold brigand hits you with a +0 whip. 😕 HP[-2]
You take 2 damage, and now have 36/46 hp.
You barely miss the kobold brigand.
The kobold brigand hits you with a +0 whip. 😮 HP[-5]
You take 5 damage, and now have 31/46 hp.
You barely miss the kobold brigand.
The kobold brigand splashes around in the water.
You hit the kobold brigand but do no damage.
The kobold brigand splashes around in the water. 😮 HP[+1]
Your unstable footing causes you to fumble your attack.
The kobold brigand splashes around in the water. x2
Unknown command.
You slash the kobold brigand! The kobold brigand closely misses you.
Your unstable footing causes you to fumble your attack.
The kobold brigand splashes around in the water.
Your unstable footing causes you to fumble your attack.
The kobold brigand hits you with a +0 whip. 😮 HP[-2]
You take 2 damage, and now have 30/46 hp.
Your unstable footing causes you to fumble your attack.
The kobold brigand splashes around in the water. 😮 HP[+1]
You hit the kobold brigand.
You kill the kobold brigand!
Lugonu accepts your kill.
You hear a splash. x2
Your Invocations skill increases to level 4!
You closely miss the kobold brigand. Your punch misses the kobold brigand.
The kobold brigand closely misses you.
You barely miss the kobold brigand. The kobold brigand closely misses you.
Your unstable footing causes you to fumble your attack.
A kobold comes into view. It is wielding a +0 whip.
The kobold brigand barely misses you.
You barely miss the kobold brigand.
The kobold brigand hits you with a +0 short sword!
* * * LOW HITPOINT WARNING * * *
😨 HP[-8]
You take 8 damage, and now have 23/46 hp.
You barely miss the kobold brigand.
The kobold brigand splashes around in the water. 😮 HP[+1]
You slash the kobold brigand! The kobold brigand barely misses you.
The kobold brigand splashes around in the water. 😮 MP[+1]
Your mp is fully restored (18).
You hit the kobold brigand.
The kobold brigand splashes around in the water.
Your unstable footing causes you to fumble your attack.
The kobold brigand splashes around in the water.
You hit the kobold brigand but do no damage.
You punch the kobold brigand.
The kobold brigand splashes around in the water.
Your unstable footing causes you to fumble your attack.
The kobold brigand hits you but does no damage.
You barely miss the kobold brigand. The kobold brigand barely misses you.
The kobold brigand splashes around in the water. 😮 HP[+1]
Your unstable footing causes you to fumble your attack.
The kobold brigand hits you but does no damage.
You closely miss the kobold brigand.
The kobold brigand splashes around in the water.
Your unstable footing causes you to fumble your attack.
The kobold brigand hits you but does no damage.
Your unstable footing causes you to fumble your attack.
The kobold brigand splashes around in the water.
You closely miss the kobold brigand.
The kobold brigand hits you with a +0 short sword.
* * * LOW HITPOINT WARNING * * *
The kobold brigand barely misses you. 😨 HP[-4]
You take 4 damage, and now have 21/46 hp.
You slash the kobold brigand!
The kobold brigand hits you with a +0 short sword.
* * * LOW HITPOINT WARNING * * *
😨 HP[-6]
You take 6 damage, and now have 15/46 hp.
You closely miss the kobold brigand.
The kobold brigand hits you with a +0 short sword.
* * * LOW HITPOINT WARNING * * *
😨 HP[-2]
You take 2 damage, and now have 13/46 hp.
You hit the kobold brigand but do no damage.
The kobold brigand splashes around in the water.
You hit the kobold brigand.
The kobold brigand hits you with a +0 short sword!
* * * LOW HITPOINT WARNING * * *
The kobold brigand hits you with a +0 short sword.
You die...

Skill      XL: |  1  2  3  4  5  6 |
---------------+-------------------+-----
Axes           | 3 4 5 |  5.9
Invocations    | 1 3 4 |  4.1
Fighting       | |  2.8
Throwing       | |  1.7
Dodging        | |  2.6

Action                   |  1- 3 |  4- 6 || total
-------------------------+-------+-------++-------
Melee: War axe           |   123 |   134 ||   257
       Punch             |     3 |     2 ||     5
  Use: Potion            |       |     3 ||     3
 Stab: Sleeping          |     5 |     3 ||     8
Armor: Leather armour    |    36 |    29 ||    65
       Steam dragon scal |       |    20 ||    20
Dodge: Dodged            |    96 |    74 ||   170

Levels and vault maps discovered:
D:1:      dpeg_arrival_tiny_i, layout_basic,
          dreamdust_ecumenical_altar_angels_and_demons,
          chequers_serial_rivers_marsh
D:2:      layout_loops_corners, basic_altar
D:3:      layout_loops_corners, mainiacjoe_overflow_brackets,
          serial_bayou_lagoon_b
D:4:      nicolae_cairo_tiling_very_big, layout_basic,
          mainiacjoe_overflow_cross_hatched, portal_sewer_entry_a,
          mrwooster_statue_mirror, nicolae_stop_n_shop_2, grunt_ministairs_14,
          nicolae_concentric_dashed_squares_mild, nrook_loot_triangle,
          uniq_pargi
Sewer:    sewer_kobolds

Notes
Turn   | Place    | Note
-------+----------+-------------------------------------------
     0 | D:1      | esteth the Demonspawn Gladiator began the quest for the
                  | Orb.
     0 | D:1      | Reached XP level 1. HP: 16/16 MP: 1/1
     0 | D:1      | magus.rc [v1.11.3]
    78 | D:1      | Reached skill level 3 in Axes
    83 | D:1      | Found a faded altar of an unknown god.
   103 | D:1      | Prayed at the altar of an unknown god.
   103 | D:1      | Became a worshipper of Lugonu the Unformed
   103 | D:1      | Reached * piety under Lugonu
   103 | D:1      | Reached ** piety under Lugonu
   130 | D:1      | Gained mutation: Your demonic aura sometimes causes spilled
                  | blood to erupt in flames. [demonic ancestry]
   130 | D:1      | Reached XP level 2. HP: 18/22 MP: 2/2
  1049 | D:2      | Found a blossoming altar of Fedhas.
  1470 | D:2      | Gained mutation: You have an unusually large brain. (Int
                  | +2) [demonic ancestry]
  1470 | D:2      | Reached XP level 3. HP: 28/28 MP: 3/3
  2228 | D:3      | Reached *** piety under Lugonu
  2598 | D:3      | Noticed a necrophage
  2610 | D:3      | Killed a necrophage
  2611 | D:3      | Reached skill level 4 in Axes
  2611 | D:3      | Reached skill level 1 in Invocations
  2611 | D:3      | Reached XP level 4. HP: 24/34 MP: 5/5
  2897 | D:3      | You pick up a book of the Hunter and begin reading...
  2897 | D:3      | You add the spells Call Canine Familiar, Portal Projectile
                  | and Leda's Liquefaction to your library.
  2962 | D:3      | Found a sparkling altar of Nemelex Xobeh.
  3195 | D:3      | Reached XP level 5. HP: 40/40 MP: 6/6
  3240 | D:3      | Reached skill level 2 in Invocations
  3581 | D:4      | Noticed a steam dragon
  3605 | D:4      | HP: 8/40 [steam dragon/ball of steam (10)]
  3610 | D:4      | Killed a steam dragon
  3611 | D:4      | Reached skill level 5 in Axes
  3611 | D:4      | Reached skill level 3 in Invocations
  3611 | D:4      | Gained mutation: You have an extremely huge brain. (Int +4)
                  | [demonic ancestry]
  3611 | D:4      | Reached XP level 6. HP: 31/46 MP: 8/8
  3904 | D:4      | Found a glowing drain.
  3920 | Sewer    | Entered a sewer
  4061 | Sewer    | Reached skill level 4 in Invocations
  4080 | Sewer    | HP: 5/46 [kobold brigand/+0 short sword (8)]
  4080 | Sewer    | Slain by a kobold brigand

Vanquished Creatures
  A steam dragon (D:4)
  A kobold brigand (Sewer)
  A necrophage (D:3)
  A jelly (D:4)
  An orc wizard (D:4)
  2 adders
  A river rat (Sewer)
  An ufetubus (D:3)
  A dart slug (D:2)
  8 orcs
  7 endoplasms
  2 giant cockroaches
  12 goblins
  10 hobgoblins
  3 quokkas
  8 ball pythons
  2 bats
  3 frilled lizards
  8 kobolds
  12 rats
85 creatures vanquished.

Vanquished Creatures (others)
  4 plants (D:3)
4 creatures vanquished.

Grand Total: 89 creatures vanquished

Table legend:
 A = Non-vault XP
 B = Vault XP
 C = Vault XP percentage of total XP
 D = Non-vault monster count
 E = Vault monster count
 F = Vault count percentage of total count
                 A         B        C        D         E       F
            +---------+---------+-------+---------+---------+-------
      Total |     506 |     123 |  19.6 |      73 |      12 |  14.1
            +---------+---------+-------+---------+---------+-------
        D:1 |      31 |       0 |   0.0 |      19 |       0 |   0.0
        D:2 |      42 |       0 |   0.0 |      16 |       0 |   0.0
        D:3 |     148 |       0 |   0.0 |      24 |       0 |   0.0
        D:4 |     285 |       4 |   1.4 |      14 |       4 |  22.2
      Sewer |       0 |     119 | 100.0 |       0 |       8 | 100.0
            +---------+---------+-------+---------+---------+-------

Illustrated notes

Table legend:
 A = Kills in this place as a percentage of kills in entire the game.
 B = Kills by you in this place as a percentage of kills by you in the entire game.
 C = Kills by friends in this place as a percentage of kills by friends in the entire game.
 D = Other kills in this place as a percentage of other kills in the entire game.
 E = Experience gained in this place as a percentage of experience gained in the entire game.
 F = Experience gained in this place divided by the number of levels of this place that you have seen.
                   A       B       C       D       E      F
               +-------+-------+-------+-------+-------+----------------------
         Total | 100.0 | 100.0 |   N/A |   N/A | 100.0 | 125.8
       Dungeon |  90.6 |  90.6 |   N/A |   N/A |  81.1 | 127.5
         Sewer |   9.4 |   9.4 |   N/A |   N/A |  18.9 | 119.0
               +-------+-------+-------+-------+-------+----------------------

Table legend: (Time is in decaauts)
 A = Elapsed time spent in this place.
 B = Non-inter-level travel time spent in this place.
 C = Inter-level travel time spent in this place.
 D = Time resting spent in this place.
 E = Time spent auto-exploring this place.
 F = Levels seen in this place.
 G = Mean time per level.
                   A        B        C        D        E       F      G
               +--------+--------+--------+--------+--------+-----+--------+
         Total |   4207 |   4092 |    115 |    391 |   3007 |   5 |  841.4 |
       Dungeon |   4010 |   3895 |    115 |    391 |   2928 |   4 | 1002.5 |
         Sewer |    197 |    197 |      0 |      0 |     79 |   1 |  197.0 |
               +--------+--------+--------+--------+--------+-----+--------+

Top non-repeatable levels by time:
     D:3: 1406 daAuts
     D:1: 1206 daAuts
     D:2: 1023 daAuts
     D:4: 373 daAuts
   Sewer: 197 daAuts
